 Dungeon Crawl Stone Soup version 0.20-a0-1111-g4e342e6 (webtiles) character file.

252 EvilAshe the Shooter (level 5, -1/47 HPs)
             Began as a Minotaur Hunter on May 6, 2017.
             Was an Initiate of Qazlal.
             Killed by divine providence
             ... invoked by an orc priest
              (14 damage)
             ... on level 4 of the Dungeon.
             The game lasted 00:08:19 (3243 turns).

EvilAshe the Shooter (Minotaur Hunter)              Turns: 3243, Time: 00:08:19

Health: -1/47      AC:  5    Str: 16    XL:     5   Next: 89%
Magic:  4/4        EV: 13    Int:  8    God:    Qazlal [......]
Gold:   110        SH:  0    Dex: 12    Spells: 4/4 levels left

rFire    . . .     SeeInvis .   a - +1 shortbow
rCold    . . .     Gourm    .   (shield currently unavailable)
rNeg     . . .     Faith    .   c - +0 leather armour
rPois    .         Spirit   .   (helmet restricted)
rElec    .         Reflect  .   (no cloak)
rCorr    .         Harm     .   e - +1 pair of gloves
MR       .....                  (no boots)
Stlth    +.........             (no amulet)
Regen    0.2/turn               (no ring)
MPRegen  0.1/turn               (no ring)

@: no status effects
A: retaliatory headbutt, horns 2
a: Renounce Religion


You were on level 4 of the Dungeon.
You worshipped Qazlal.
Qazlal was noncommittal.
You were not hungry.

You visited 1 branch of the dungeon, and saw 4 of its levels.

You collected 110 gold pieces.

Inventory:

Hand Weapons
 a - a +1 shortbow (weapon)
 b - a +0 short sword
Missiles
 d - 49 arrows (quivered)
Armour
 c - a +0 leather armour (worn)
 e - a +1 pair of gloves (worn)
Jewellery
 n - an uncursed ring of flight {unknown}
Scrolls
 i - 3 scrolls of teleportation
 j - 3 scrolls of identify
 p - 2 scrolls of remove curse
Potions
 h - 2 potions of brilliance
 k - 2 potions of curing
 l - a potion of magic
 m - 2 potions of agility
 o - 2 potions of lignification
Comestibles
 f - 2 bread rations
 g - 7 fruits
 q - 2 chunks of flesh
 r - 2 royal jellies
 s - a meat ration


   Skills:
 + Level 4.6 Fighting
 * Level 6.3 Bows
 + Level 3.6 Dodging
 - Level 0.7 Stealth


You had 4 spell levels left.
You didn't know any spells.

Dungeon Overview and Level Annotations

Branches:
Dungeon (4/15)
 Temple: D:4-7

Altars:
Dithmenos
Gozag
Kikubaaqudgha
Qazlal
Sif Muna
Wu Jian
Yredelemnul


Innate Abilities, Weirdness & Mutations

You reflexively headbutt those who attack you in melee.
You have a pair of horns on your head.


Message History

The arrow hits the orc priest but does no damage.
The orc priest is severely wounded.
The orc priest invokes the aid of Beogh against you.
Beogh smites you!
* * * LOW HITPOINT WARNING * * *
Firing (i - inventory):
d - 51 arrows (quivered)
Press: ? - help, Shift-Dir - straight line, f/p - orc priest
Aim: an orc priest, wielding a dagger and wearing a leather armour (severely wounded)
You shoot an arrow.
The arrow closely misses the orc priest.
The orc priest mumbles some strange prayers to Beogh against you.
You barely resist.
Firing (i - inventory):
d - 50 arrows (quivered)
Press: ? - help, Shift-Dir - straight line, f/p - orc priest
Aim: an orc priest, wielding a dagger and wearing a leather armour (severely wounded)
You shoot an arrow. The arrow hits the orc priest.
The orc priest is almost dead.
The orc priest invokes the aid of Beogh against you.
Beogh smites you!
You die...

################# #....
.%...(..........# #.###
###....#######.# #.#<(
#.##.# #.# #)#.# # #..#
#.# #.#.# #..# #.# #.###
##### #.## #.# #....
......#(########.#######
......)@....รท.).........
.....o#.################
....(<..# ..#.##### ....
###


You could see an orc priest.

Vanquished Creatures
  4 orc wizards
  Natasha (D:4)
  6 adders
  3 oozes
  2 worms
  A dart slug (D:1)
  3 leopard geckos
  2 orcs
  A ball python (D:1)
  6 bats
  A giant cockroach (D:1)
  3 goblins
  3 hobgoblins
  A quokka (D:3)
  5 frilled lizards
  2 kobolds
  4 rats
48 creatures vanquished.

Notes
Turn   | Place    | Note
-------+----------+-------------------------------------------
     0 | D:1      | EvilAshe the Minotaur Hunter began the quest for the Orb.
     0 | D:1      | Reached XP level 1. HP: 18/18 MP: 0/0
   133 | D:1      | Reached XP level 2. HP: 25/25 MP: 1/1
   255 | D:1      | Reached skill level 5 in Bows
   696 | D:1      | Reached XP level 3. HP: 31/31 MP: 2/2
  1113 | D:2      | Found a deep blue altar of Sif Muna.
  1116 | D:2      | Found a stormy altar of Qazlal.
  1119 | D:2      | Found an ornate altar of the Wu Jian Council.
  1122 | D:2      | Found a shadowy altar of Dithmenos.
  1134 | D:2      | Became a worshipper of Qazlal Stormbringer
  1243 | D:2      | Found a basalt altar of Yredelemnul.
  1798 | D:2      | Reached XP level 4. HP: 40/40 MP: 3/3
  2632 | D:3      | Found an opulent altar of Gozag.
  2632 | D:3      | Found an ancient bone altar of Kikubaaqudgha.
  2650 | D:3      | Reached XP level 5. HP: 46/46 MP: 4/4
  2658 | D:3      | Reached skill level 6 in Bows
  3105 | D:4      | Noticed Natasha
  3121 | D:4      | Killed Natasha
  3243 | D:4      | Killed from afar by an orc priest

Vault maps used:
D:1:      scummos_arrival_simple_fountains
D:2:      grunt_temple_overflow_cloverleaf, lemuel_doored_altar, first_bread
D:3:      gammafunk_temple_overflow_elements, minmay_misc_feat_rows
D:4:      uniq_natasha, uniq_edmund, uniq_ijyb

Skill      XL: |  1  2  3  4  5 |
---------------+----------------+-----
Bows           | 5 6 |  6.3
Fighting       | 3 4 |  4.6
Dodging        | 3 |  3.6
Stealth        | |  0.7

Action                   |  1- 3 |  4- 6 || total
-------------------------+-------+-------++-------
Melee: Short sword       |    23 |    13 ||    36
       Headbutt          |     3 |     2 ||     5
 Fire: Shortbow          |    59 |    57 ||   116
  Use: Scroll            |       |     8 ||     8
  Eat: Chunk             |     2 |     5 ||     7
Armor: Leather armour    |    12 |    14 ||    26
Dodge: Dodged            |    26 |    21 ||    47
